 Dungeon Crawl Stone Soup version 0.26-a0-712-ga5a9c9c9d0 (webtiles) character file.

Game seed: 13686342887189373812

2614 jasper the Quickloader (level 9, -2/56 HPs)
             Began as a Kobold Hunter on Nov 2, 2020.
             Was a Believer of Okawaru.
             Slain by a troll (6 damage)
             ... on level 8 of the Dungeon.
             The game lasted 00:11:52 (9628 turns).

jasper the Quickloader (Kobold Hunter)              Turns: 9628, Time: 00:11:53

Health: -2/56      AC:  7    Str: 10    XL:     9   Next: 90%
Magic:  9/9        EV: 18    Int: 13    God:    Okawaru [**....]
Gold:   334        SH:  6    Dex: 25    Spells: 8/8 levels left

rFire    . . .     SeeInvis .   a - +1 hand crossbow
rCold    . . .     Faith    .   e - +0 buckler
rNeg     + . .     Spirit   .   A - +0 ring mail
rPois    .         Reflect  .   (no helmet)
rElec    +         Harm     .   C - +0 cloak
rCorr    .         Rampage  .   (no gloves)
MR       .....                  (no boots)
Stlth    +++.......             (no amulet)
HPRegen  0.18/turn              J - ring "Quig" {rElec rN+ Str-2 Dex+4}
MPRegen  0.11/turn              D - +6 ring of dexterity

@: no status effects
A: small, nightstalker 3
a: Heroism, Renounce Religion


You were on level 8 of the Dungeon.
You worshipped Okawaru.
Okawaru was pleased with you.
You visited 2 branches of the dungeon, and saw 9 of its levels.
You also visited: Ossuary.

You collected 334 gold pieces.

Inventory:

Hand Weapons
 a - a +1 hand crossbow (weapon)
 b - a +0 short sword
 v - a +2 short sword of venom
Missiles
 d - 21 bolts (quivered)
 k - 225 stones
 p - 4 atropa-tipped darts
Armour
 c - a +0 leather armour
 e - a +0 buckler (worn)
 x - a +0 scale mail
 A - a +0 ring mail (worn)
 C - a +0 cloak (worn)
Jewellery
 g - an uncursed ring of fire
 D - a +6 ring of dexterity (right hand)
 G - an uncursed ring of flight
 J - the ring "Quig" (left hand) {rElec rN+ Str-2 Dex+4}
   (You found it in an ossuary)

   [ring of positive energy]

   It affects your strength (-2).
   It affects your dexterity (+4).
   It insulates you from electricity.
   It protects you from negative energy.
 N - an uncursed ring of poison resistance {unknown}
Scrolls
 i - 7 scrolls of identify {unknown}
 j - 5 scrolls of fear {unknown}
 q - 5 scrolls of remove curse {unknown}
 r - a scroll of random uselessness {unknown}
 s - 6 scrolls of teleportation {unknown}
 t - 2 scrolls of amnesia {unknown}
 u - a scroll of noise {unknown}
 w - 3 scrolls of fog {unknown}
 y - 4 scrolls of magic mapping {unknown}
 z - 2 scrolls of enchant weapon {unknown}
 H - a scroll of immolation {unknown}
 O - 2 scrolls of blinking {unknown}
Potions
 f - 2 potions of magic {unknown}
 h - 8 potions of curing
 l - a potion of heal wounds {unknown}
 m - 2 potions of degeneration {unknown}
 n - 3 potions of stabbing {unknown}
 o - 3 potions of invisibility {unknown}
 B - a potion of haste {unknown}
 E - 2 potions of resistance {unknown}
 F - a potion of lignification {unknown}
 I - a potion of cancellation {unknown}
 K - 3 potions of brilliance {unknown}
 L - a potion of ambrosia {unknown}
 M - a potion of mutation {unknown}


   Skills:
 + Level 6.9 Fighting
 - Level 10.0 Crossbows
 + Level 4.8 Armour
 + Level 7.6 Dodging
 - Level 1.3 Stealth


You had 8 spell levels left.
You didn't know any spells.
Your spell library contained the following spells:

 Spells                   Type           Power        Failure   Level
 Animate Skeleton         Necr           #.....       77%         1
 Pain                     Necr           #...         77%         1
 Vampiric Draining        Necr           #.........   98%         3
 Animate Dead             Necr           #.........   100%        4
 Agony                    Necr           #.......     100%        5


Dungeon Overview and Level Annotations

Branches:
Dungeon (8/15)             Temple (1/1) D:6         Ossuary (visited)
   Lair: D:8-11

Altars:
Ashenzari
Cheibriados
Dithmenos
Fedhas
Gozag
Makhleb
Nemelex Xobeh
Okawaru
Qazlal
Ru
Vehumet
Wu Jian
Xom
Zin
The Shining One

Annotations:
D:6 1 exclusion
D:7 Dowan


Innate Abilities, Weirdness & Mutations

You are small and have problems with some larger weapons.
You are completely attuned to the shadows.


Message History

Aim: a troll (severely wounded)
You shoot a bolt. The bolt closely misses the troll.
The troll completely misses you. The troll claws you.
* * * LOW HITPOINT WARNING * * *
You block the troll's attack.
You take 3 damage, and have 3/56 hp.
Firing (i - inventory. (/) - cycle)
d - 23 bolts (quivered)
Press: ? - help, Shift-Dir - straight line, f/p - troll
Aim: a troll (severely wounded)
You shoot a bolt. The bolt hits the troll!
The troll is almost dead.
The troll barely misses you. The troll closely misses you.
The troll misses you.
Firing (i - inventory. (/) - cycle)
d - 22 bolts (quivered)
Press: ? - help, Shift-Dir - straight line, f/p - troll
Aim: a troll (severely wounded)
You shoot a bolt. The bolt hits the troll.
The troll is almost dead.
The troll misses you. The troll claws you.
You die...

≈≈≈(.#####
.≈≈≈.(##@#
.≈≈...##T#
≈≈≈...##.#
≈≈≈≈.().(#
≈≈....####
≈≈(..##
(≈(≈.#
(..≈.#
≈....#


You could see a troll.

Vanquished Creatures
  A wraith (Ossuary)
  Eustachio (D:4)
  2 black bears
  2 sky beasts
  A hornet zombie (D:8)
  An ogre (D:8)
  2 centaurs
  2 wolves (D:8)
  A big kobold (Temple)
  2 bullfrogs
  A water moccasin zombie (D:7)
  5 killer bees (D:7)
  An electric eel (D:8)
  4 crimson imps (D:4)
  A quasit (D:6)
  2 bullfrog zombies
  A human zombie (Ossuary)
  A jelly (D:7)
  2 hounds
  6 orc wizards
  2 orc priests
  An iguana (D:6)
  Terence (D:3)
  4 worker ants
  A big kobold zombie (Ossuary)
  3 mummies (Ossuary)
  A worker ant zombie (D:6)
  5 adders
  3 gnolls (D:7)
  A shadow imp (D:8)
  An ufetubus (D:7)
  An ooze (D:1)
  3 worms
  2 dart slugs
  3 leopard geckos
  12 orcs
  3 giant cockroaches
  3 hobgoblins
  4 jackals
  5 quokkas
  2 ball pythons (D:3)
  8 bats
  2 frilled lizards (D:2)
  6 goblins
  2 goblin zombies (Ossuary)
  A hobgoblin zombie (Ossuary)
  12 kobolds
  3 kobold zombies (Ossuary)
  A leopard gecko zombie (D:7)
  An orc zombie (Ossuary)
  5 rats
141 creatures vanquished.

Notes
Turn   | Place    | Note
-------+----------+-------------------------------------------
     0 | D:1      | jasper the Kobold Hunter began the quest for the Orb.
     0 | D:1      | Reached XP level 1. HP: 12/12 MP: 1/1
    79 | D:1      | Reached skill level 5 in Crossbows
   362 | D:1      | Reached XP level 2. HP: 17/17 MP: 2/2
   864 | D:2      | Reached skill level 6 in Crossbows
   864 | D:2      | Reached XP level 3. HP: 21/21 MP: 3/3
  1222 | D:2      | Found a shadowy altar of Dithmenos.
  1235 | D:2      | Reached XP level 4. HP: 26/26 MP: 4/4
  2057 | D:3      | Reached skill level 7 in Crossbows
  2734 | D:3      | Noticed Terence
  2754 | D:3      | Killed Terence
  2754 | D:3      | Reached XP level 5. HP: 14/30 MP: 5/5
  3697 | D:4      | Found a shimmering altar of Xom.
  3709 | D:4      | Reached skill level 8 in Crossbows
  3736 | D:4      | Reached XP level 6. HP: 32/35 MP: 6/6
  4322 | D:4      | Noticed Eustachio
  4341 | D:4      | Killed Eustachio
  4341 | D:4      | Reached skill level 9 in Crossbows
  4341 | D:4      | Reached XP level 7. HP: 27/40 MP: 7/7
  4618 | D:5      | Entered Level 5 of the Dungeon
  4887 | D:5      | Reached skill level 10 in Crossbows
  5308 | D:5      | Found a sparkling altar of Nemelex Xobeh.
  5721 | D:6      | Found a sand-covered staircase.
  5728 | Ossuary  | Entered an ossuary
  5731 | Ossuary  | Noticed a wraith
  5856 | Ossuary  | Reached skill level 1 in Armour
  5921 | Ossuary  | Noticed a wraith
  5931 | Ossuary  | Killed a wraith
  5931 | Ossuary  | Reached XP level 8. HP: 20/46 MP: 8/8
  6482 | Ossuary  | Got a sparkling turquoise ring
  6484 | Ossuary  | Identified the ring "Quig" {rElec rN+ Str-2 Dex+4} (You
                  | found it in an ossuary)
  6681 | D:6      | Found a staircase to the Ecumenical Temple.
  6688 | Temple   | Entered the Ecumenical Temple
  6712 | Temple   | Became a worshipper of Warmaster Okawaru
  7530 | Temple   | Reached skill level 5 in Dodging
  7896 | D:6      | Reached skill level 5 in Fighting
  7896 | D:6      | Reached XP level 9. HP: 45/54 MP: 9/9
  8160 | D:7      | Reached * piety under Okawaru
  9211 | D:7      | Noticed Dowan
  9410 | D:8      | Reached ** piety under Okawaru
  9612 | D:8      | Noticed a troll
  9628 | D:8      | Slain by a troll

Illustrated notes

Levels and vault maps discovered:
D:1:      lemuel_arrival_tunnels, layout_loops_ring
D:2:      layout_loops_ring, nicolae_dithmenos_shadow_blocks
D:3:      layout_loops_corners, uniq_terence
D:4:      minmay_general_purpose_star, layout_basic, minivault_26, led_xom_imps,
          uniq_eustachio
D:5:      layout_loops_corners, nemelex_diamond_rough_becter
D:6:      layout_rooms, nicolae_overflow_crystal_walls,
          minmay_temple_entry_wispy, enter_ossuary_3, uniq_blork_the_orc
D:7:      layout_loops_ring, minmay_misc_feat_enclosed, uniq_duvessa
D:8:      layout_basic, erik_lair_island
Temple:   grunt_wide_crystal_templ

Skill      XL: |  1  2  3  4  5  6  7  8  9 |
---------------+----------------------------+-----
Crossbows      | 5 6 7 8 9 10 | 10.0
Dodging        | 3 5 7 |  7.6
Armour         | 1 3 4 |  4.8
Fighting       | 3 5 6 |  6.9
Stealth        | |  1.3

Action                   |  1- 3 |  4- 6 |  7- 9 || total
-------------------------+-------+-------+-------++-------
Melee: Short sword       |    58 |   157 |   214 ||   429
 Fire: Hand crossbow     |    23 |     9 |   165 ||   197
Throw: Stone             |    25 |    37 |    26 ||    88
  Use: Potion            |       |     1 |       ||     1
 Stab: Sleeping          |     3 |     1 |     1 ||     5
Armor: Leather armour    |    14 |    10 |       ||    24
       Ring mail         |       |    42 |    79 ||   121
Dodge: Dodged            |    48 |   111 |   254 ||   413
Block: Buckler           |    20 |    31 |    94 ||   145

Table legend: (Time is in decaauts)
 A = Elapsed time spent in this place.
 B = Non-inter-level travel time spent in this place.
 C = Inter-level travel time spent in this place.
 D = Time resting spent in this place.
 E = Time spent auto-exploring this place.
 F = Levels seen in this place.
 G = Mean time per level.
                   A        B        C        D        E       F      G
               +--------+--------+--------+--------+--------+-----+--------+
         Total |   9696 |   9588 |    108 |   2102 |   6056 |  10 |  969.6 |
       Dungeon |   7810 |   7714 |     96 |   1144 |   5361 |   8 |  976.2 |
        Temple |   1083 |   1071 |     12 |    958 |     18 |   1 | 1083.0 |
       Ossuary |    802 |    802 |      0 |      0 |    677 |   1 |  802.0 |
               +--------+--------+--------+--------+--------+-----+--------+

Top non-repeatable levels by time:
     D:4: 1679 daAuts
     D:7: 1340 daAuts
     D:2: 1179 daAuts
  Temple: 1083 daAuts
     D:5: 1044 daAuts
     D:3: 973 daAuts
     D:1: 859 daAuts
 Ossuary: 802 daAuts
     D:6: 526 daAuts
     D:8: 207 daAuts
